AoeStats
← BOSS MAN

Arabia

505926578Analyzed
3v3 RM · 19d ago on Sep 11, 2026· 45m 37s· 6 players
Game mode
Random Map
Map size
Normal (6 player)
Population
200
Speed
Normal
Resources
Standard
Victory
Conquest
Starting age
Dark Age
Ending age
Imperial Age
RankedLock teamsTeams togetherTeam positionsShared explorationLock speedFull tech treeHidden civsTurbo modeCheats
Victory
Defeat
🇩🇪 Huns · Germany
861
+17
🇨🇱 Britons · Chile
832
+18
🇲🇽 Franks · Mexico
809
+19
🇮🇳 Sicilians · India
915
-28
🇮🇳 Burgundians · India
872
-18
🇮🇳 Cumans · India
826
-16
agustinizquierdoh
10:18 Feudal Age
10:47 Double-Bit Axe
13:22 Horse Collar
17:23 Gold Mining
22:23 Castle Age
20:45 Fletching
21:21 Padded Archer Armor
21:32 Stone Mining
21:33 Man-at-Arms
22:27 Forging
23:40 Bow Saw
23:17 Town Watch
24:12 Wheelbarrow
24:31 Crossbowman
27:19 Iron Casting
27:26 Gold Shaft Mining
26:55 Heavy Plow
27:33 Scale Barding Armor
28:49 Loom
29:32 Hand Cart
29:03 Town Watch
30:46 Husbandry
37:18 Imperial Age
34:52 Scale Mail Armor
34:44 Gambesons
34:47 Arson
35:06 Squires
34:49 Treadmill Crane
35:47 Fervor
36:12 Bodkin Arrow
36:50 Ballistics
36:48 Leather Archer Armor
36:31 Long Swordsman
37:33 Chain Mail Armor
37:05 Arson
37:31 Pikeman
39:14 Chemistry
37:36 Two-Handed Swordsman
39:21 Two-Man Saw
39:32 Conscription
38:34 Cavalier
39:32 Caravan
39:15 Capped Ram
40:39 Masonry
40:46 Champion
41:50 Halberdier
43:31 Blast Furnace
43:02 Plate Mail Armor
43:41 Siege Engineers
44:04 Elite Longbowman
Campos1372
8:39 Loom
12:06 Feudal Age
16:16 Stone Mining
25:32 Castle Age
23:23 Double-Bit Axe
26:32 Wheelbarrow
34:34 Pikeman
41:57 Imperial Age
40:01 Gold Mining
39:40 Pikeman
40:21 Squires
40:06 Arson
41:38 Husbandry
40:59 Light Cavalry
43:54 Scale Mail Armor
43:54 Padded Archer Armor
43:45 Fletching
43:21 Halberdier
44:51 Bow Saw
45:22 Gold Shaft Mining
45:09 Chain Mail Armor
45:05 Forging
45:01 Scale Barding Armor
Simaox
0:27 Loom
10:25 Feudal Age
10:50 Double-Bit Axe
11:42 Horse Collar
19:23 Castle Age
19:15 Bloodlines
20:19 Bow Saw
20:45 Wheelbarrow
20:34 Forging
20:26 Scale Mail Armor
21:18 Gold Mining
24:03 Gold Shaft Mining
23:22 Fletching
23:34 Town Watch
24:03 Padded Archer Armor
26:59 Heavy Plow
27:07 Bodkin Arrow
29:48 Leather Archer Armor
30:11 Thumb Ring
32:05 Ballistics
33:41 Hand Cart
34:31 Town Patrol
36:22 Murder Holes
36:38 Masonry
40:59 Imperial Age
39:19 Iron Casting
38:50 Scale Barding Armor
39:09 Stone Mining
44:35 Bracer
45:38 Chemistry
44:04 Capped Ram
BOSS MAN
10:56 Feudal Age
11:25 Loom
11:48 Double-Bit Axe
11:45 Horse Collar
15:27 Scale Barding Armor
17:08 Forging
17:49 Bow Saw
21:53 Castle Age
21:34 Heavy Plow
22:12 Cavalier
23:23 Gold Mining
24:11 Iron Casting
23:56 Chain Barding Armor
25:15 Gold Shaft Mining
25:12 Crop Rotation
26:04 Husbandry
27:39 Two-Man Saw
28:25 Wheelbarrow
35:02 Hand Cart
38:08 Imperial Age
35:43 Treadmill Crane
38:02 Fletching
38:12 Padded Archer Armor
38:49 Murder Holes
38:30 Elite Skirmisher
40:01 Bodkin Arrow
40:21 Leather Archer Armor
42:33 Plate Barding Armor
42:58 Blast Furnace
43:24 Paladin
45:49 Blast Furnace
Nosferatu Zodd
12:29 Feudal Age
13:21 Horse Collar
13:29 Double-Bit Axe
14:46 Scale Mail Armor
16:20 Stone Mining
17:02 Fletching
18:11 Gold Mining
33:26 Castle Age
Desmond
20:34 Feudal Age
18:49 Loom
21:46 Double-Bit Axe
27:03 Castle Age
25:44 Horse Collar
35:42 Stone Mining
39:08 Heavy Plow
42:17 Fletching
45:08 Bodkin Arrow
45:34 Bow Saw
Connection lost

Rejoining the realm…

Still unreachable

The connection could not be restored.

Session expired

The server has moved on; the page needs a fresh start.